 Dungeon Crawl Stone Soup version 0.30.0-19-gbf45117a57 (webtiles) character file.

Game seed: 17226958157381165638

81 qw the Chopper (level 4, -5/28 HPs)
             Began as a Gargoyle Fighter on May 23, 2023.
             Slain by an iguana (10 damage)
             ... on level 3 of the Dungeon.
             The game lasted 00:01:13 (2158 turns).

qw the Chopper (Gargoyle Fighter)                   Turns: 2158, Time: 00:01:14

Health: -5/28      AC: 14    Str: 21    XL:     4   Next: 42%
Magic:  4/4        EV:  7    Int:  9    God:
Gold:   123        SH:  4    Dex:  9    Spells: 3/3 levels left

rFire   . . .        Y - +0 war axe (heavy)
rCold   . . .        c - +0 buckler
rNeg    + . .        n - +0 chain mail
rPois   inf          (no helmet)
rElec   +            o - +1 cloak
rCorr   .            (no gloves)
SInv    .            (no boots)
Will    +....        (no amulet) Stlth
                     l - ring of willpower
HPRegen 0.24/turn    (no ring)
MPRegen 0.09/turn

%: no passive effects
@: no status effects
A: sickness immunity, AC +3, negative energy resistance 1, electricity
resistance, torment resistance 1, petrification resistance
a: no special abilities


You were on level 3 of the Dungeon.
You visited 1 branch of the dungeon, and saw 3 of its levels.

You collected 123 gold pieces.


Innate Abilities, Weirdness & Mutations

You are immune to sickness and miasma.
Your stone body is resilient. (AC +3)
You are immune to poison.
You resist negative energy. (rN+)
You are resistant to electric shocks. (rElec)
You are resistant to unholy torment.
You are immune to petrification.


   Skills:
 - Level 3.2 Fighting
 + Level 4.1 Axes
 - Level 3.2 Armour
 - Level 3.2 Shields


You had 3 spell levels left.
You didn't know any spells.
Your spell library was empty.

Inventory:

Hand Weapons
 g - a +0 whip
 Y - a +0 heavy war axe (weapon)
Armour
 c - a +0 buckler (worn)
 n - a +0 chain mail (worn)
 o - a +1 cloak (worn)
Jewellery
 l - a ring of willpower (left hand)
Scrolls
 a - 2 scrolls of identify
 b - a scroll of enchant armour {unknown}
 h - a scroll of poison {unknown}
Potions
 d - 2 potions of might
 e - a potion of attraction {unknown}
 f - a potion of haste {unknown}
 i - a potion of brilliance {unknown}
 k - a potion of mutation {unknown}

Dungeon Overview and Level Annotations

Branches:
Dungeon (3/15)

Altars:
Dithmenos


Message History

The iguana hisses angrily.
An iguana is nearby!
You slash the iguana!
The iguana is severely wounded.
You block the iguana's attack. x2
You closely miss the iguana.
The iguana is severely wounded.
The iguana bites you but does no damage. x2
You hit the iguana but do no damage.
The iguana is severely wounded.
The iguana bites you but does no damage. x2
You barely miss the iguana.
The iguana is heavily wounded.
The iguana bites you! The iguana barely misses you.
You closely miss the iguana.
The iguana is heavily wounded.
The iguana bites you but does no damage.
The iguana barely misses you.
You closely miss the iguana.
The iguana is heavily wounded.
The iguana bites you but does no damage.
The iguana bites you.
You closely miss the iguana.
The iguana is heavily wounded.
The iguana misses you. The iguana bites you.
You closely miss the iguana.
The iguana is heavily wounded.
The iguana bites you!
The iguana bites you but does no damage.
You barely miss the iguana.
The iguana is heavily wounded.
The iguana bites you but does no damage.
The iguana bites you.
You barely miss the iguana.
The iguana is heavily wounded.
The iguana bites you.
You closely miss the iguana.
The iguana is heavily wounded.
The iguana bites you!
You die...

.............##.###.#
.#.##.#.............###
...##.######.........>#
....... .>.......####.#
#..##.# ####.###.####.#
... #.# # #. #......# .
... ... #.####.# .
PP...##.# . .PPP..l@#


PPPP ...P.#..# PPPP P... ##.# .... PPP #.# .... .P #.# PPPP #.. P... #.. ....
### .... You could see an iguana.

Vanquished Creatures
  3 adders
  A worm (D:2)
  A dart slug (D:2)
  An orc (D:3)
  6 endoplasms
  2 giant cockroaches
  5 goblins
  2 hobgoblins (D:2)
  7 kobolds
  3 quokkas
  5 ball pythons
  4 bats (D:1)
  4 frilled lizards
  8 rats
52 creatures vanquished.

Notes
Turn   | Place    | Note
-------+----------+-------------------------------------------
     0 | D:1      | qw the Gargoyle Fighter began the quest for the Orb.
     0 | D:1      | Reached XP level 1. HP: 14/14 MP: 1/1
     0 | D:1      | 0 ||| qw: Version: 0.2-a-98-g5d7165a
     0 | D:1      | 0 ||| qw: Game counter: 21
     0 | D:1      | 0 ||| qw: Always use a shield: true
     0 | D:1      | 0 ||| qw: God list: Okawaru
     0 | D:1      | 0 ||| qw: Allow faded altars: false
     0 | D:1      | 0 ||| qw: Do Orc after D:15 true
     0 | D:1      | 0 ||| qw: Do second Lair branch before Depths: true
     0 | D:1      | 0 ||| qw: Lair rune preference: random
     0 | D:1      | 0 ||| qw: Plans: Normal, Zot:1-4, God:TSO, Crypt, Tomb,
                  | Pan, Slime:5, Hells, Abyss, Win
     0 | D:1      | 0 ||| PLANNING D:1-11
    96 | D:1      | Reached skill level 2 in Axes
   117 | D:1      | 117 ||| DROPPING +0 club.
   301 | D:1      | Reached XP level 2. HP: 19/19 MP: 2/2
   514 | D:1      | 514 ||| Stepping ~*~*~tactically~*~*~ (stealth).
   519 | D:1      | 519 ||| Stepping ~*~*~tactically~*~*~ (hiding).
   589 | D:1      | Reached skill level 3 in Axes
   790 | D:1      | 790 ||| READING scroll labelled APTITH FOPUEFU.
   891 | D:1      | 891 ||| READING scroll labelled USKOVI LAPI.
   892 | D:1      | 892 ||| DRINKING 4 inky potions.
   893 | D:1      | 893 ||| DROPPING 3 potions of flight.
   955 | D:2      | Reached XP level 3. HP: 23/23 MP: 3/3
  1137 | D:2      | 1137 ||| Stepping ~*~*~tactically~*~*~ (hiding).
  1138 | D:2      | 1138 ||| Stepping ~*~*~tactically~*~*~ (hiding).
  1499 | D:2      | Found a faded altar of an unknown god.
  1522 | D:2      | 1522 ||| Stepping ~*~*~tactically~*~*~ (hiding).
  1658 | D:2      | Reached XP level 4. HP: 28/28 MP: 4/4
  1827 | D:2      | 1827 ||| UPGRADING to +0 chain mail.
  1837 | D:2      | 1837 ||| DROPPING +0 scale mail.
  1838 | D:2      | 1838 ||| UPGRADING to +1 cloak.
  1843 | D:2      | 1843 ||| UPGRADING to ring of willpower.
  1844 | D:2      | 1844 ||| READING scroll labelled KIDABR YPPYI.
  1847 | D:2      | 1847 ||| READING 2 scrolls labelled KITEC ILINN.
  1848 | D:2      | 1848 ||| READING scroll of brand weapon.
  1848 | D:2      | 1848 ||| BRANDING +0 war axe of electrocution.
  1849 | D:2      | 1849 ||| READING scroll labelled BACATH YNYNO.
  1850 | D:2      | 1850 ||| READING scroll labelled TUDEMUUDGHUP.
  1868 | D:3      | Reached skill level 4 in Axes
  1884 | D:3      | 1884 ||| Stepping ~*~*~tactically~*~*~ (stealth).
  1885 | D:3      | 1885 ||| Stepping ~*~*~tactically~*~*~ (stealth).
  1916 | D:3      | 1916 ||| Stepping ~*~*~tactically~*~*~ (stealth).
  1917 | D:3      | 1917 ||| Stepping ~*~*~tactically~*~*~ (stealth).
  1918 | D:3      | 1918 ||| Stepping ~*~*~tactically~*~*~ (stealth).
  2068 | D:3      | Found a shadowy altar of Dithmenos.
  2156 | D:3      | HP: 7/28 [iguana (4)]
  2158 | D:3      | Slain by an iguana

Levels and vault maps discovered:
D:1:      dpeg_arrival_pits, layout_basic, minmay_statues_item
D:2:      layout_loops_corners, hellmonk_ecumenical_altar_leap_of_faith
D:3:      layout_basic, mainiacjoe_overflow_catch_the_wave,
          roderic_serpentine_path, reono_crystal_passage

Skill      XL: |  1  2  3  4 |
---------------+-------------+-----
Axes           | 2 3 4 |  4.1
Fighting       | |  3.2
Armour         | |  3.2
Shields        | |  3.2

Action                     |  1- 3 |  4- 6 || total
---------------------------+-------+-------++-------
  Melee: War axe           |    80 |    44 ||   124
    Use: Scroll            |     2 |     5 ||     7
         Potion            |     1 |       ||     1
 Armour: Scale mail        |    30 |       ||    30
         Chain mail        |       |    31 ||    31
  Dodge: Dodged            |    25 |    15 ||    40
  Block: Buckler           |    13 |     6 ||    19

Table legend:
 A = Non-vault XP
 B = Vault XP
 C = Vault XP percentage of total XP
 D = Non-vault monster count
 E = Vault monster count
 F = Vault count percentage of total count
                 A         B        C        D         E       F
            +---------+---------+-------+---------+---------+-------
      Total |     117 |       0 |   0.0 |      52 |       0 |   0.0
            +---------+---------+-------+---------+---------+-------
        D:1 |      31 |       0 |   0.0 |      22 |       0 |   0.0
        D:2 |      56 |       0 |   0.0 |      18 |       0 |   0.0
        D:3 |      30 |       0 |   0.0 |      12 |       0 |   0.0
            +---------+---------+-------+---------+---------+-------
